Orlando Solar Bears vs Quebec Remparts
Created - Saturday, February 1, 2025 at 12:38
Goals
|
| Orlando Solar Bears |
1 |
2 |
3 |
6 |
| Quebec Remparts |
3 |
1 |
1 |
5 |
|
Shots
|
| Orlando Solar Bears |
13 |
14 |
12 |
39 |
| Quebec Remparts |
12 |
7 |
13 |
32 |
|
1st period
1. Quebec Remparts , Nick Robertson 1 (Joshua Roy 1) at 10:27
2. Orlando Solar Bears , Martin Pospisil 1 (Viktor Neuchev 1, Jarred Tinordi 1) at 10:43
3. Quebec Remparts , Kevin Rooney 1 (David Jiricek 1, Joshua Roy 2) at 11:45
4. Quebec Remparts , Kevin Rooney 2 (Joshua Roy 3) at 15:10
Penalties :
Brandt Clarke (QUE) for Slashing (Minor) at 7:38, Jarred Tinordi (OSB) for Interference (Minor) at 8:16
2nd period
5. Quebec Remparts , Thomas Bordeleau 1 (Simon Nemec 1, Hendrix Lapierre 1) at 5:29 (PP)
6. Orlando Solar Bears , Travis Dermott 1 (Justin Danforth 1, Justin Brazeau 1) at 12:12 (PP)
7. Orlando Solar Bears , Jesper Boqvist 1 (Philip Tomasino 1, Adam Beckman 1) at 19:43
Penalties :
Justin Sourdif (OSB) for Slashing (Minor) at 5:15, Thomas Bordeleau (QUE) for Cross-checking (Minor) at 11:36
3rd period
8. Quebec Remparts , Hendrix Lapierre 1 (Nick Robertson 1, Ethan Del Mastro 1) at 2:15
9. Orlando Solar Bears , Justin Brazeau 1 (Justin Danforth 2) at 12:11
10. Orlando Solar Bears , Philip Tomasino 1 (Adam Beckman 2, Jesper Boqvist 1) at 12:19
11. Orlando Solar Bears , Jesper Boqvist 2 (Jarred Tinordi 2, Philip Tomasino 2) at 12:43 (PP)
Penalties :
David Jiricek (QUE) for Hooking (Minor) at 3:05, Brandt Clarke (QUE) for Slashing (Minor) at 12:32, Martin Pospisil (OSB) for High sticking (Minor) at 17:12
Goalie Stats
Erik Portillo (OSB), 27 saves from 32 shots - (0.844), W, 1-0-0, 60:00 minutes
Lukas Dostal (QUE), 33 saves from 39 shots - (0.846), L, 0-1-0, 59:44 minutes
Players Stats for Orlando Solar Bears
Player Name G A P +/- PIM S H SB GA TA FO MP PP MP PK MP
------------------------------------------------------------------------------------
0 0 0 0 0 0 0 0 0 0 0/0 0:00 0:00 0:00
Adam Beckman 0 2 2 1 0 1 2 0 0 0 0/3 16:10 1:41 0:03
Alex Turcotte 0 0 0 0 0 0 0 0 0 0 0/0 4:40 0:09 0:00
Carter Mazur 0 0 0 0 0 0 0 0 0 0 0/0 17:07 1:37 0:00
Henry Thrun 0 0 0 0 0 2 0 3 0 1 0/0 20:15 1:57 1:44
Isaak Phillips 0 0 0 0 0 1 2 1 0 1 0/0 14:34 0:00 0:00
Jarred Tinordi 0 2 2 0 2 0 1 1 0 0 0/0 18:20 1:26 1:07
Jesper Boqvist 2 1 3 1 0 6 0 0 1 0 11/23 22:04 1:41 1:22
Justin Brazeau 1 1 2 -1 0 4 1 0 1 0 1/1 19:12 1:34 1:20
Justin Danforth 0 2 2 -1 0 3 1 0 2 2 5/8 19:30 1:37 1:26
Justin Sourdif 0 0 0 0 2 0 0 0 0 0 2/4 6:41 0:00 0:00
Lukas Cormier 0 0 0 -1 0 0 0 0 0 0 0/0 7:02 0:00 0:00
Marat Khusnutdinov 0 0 0 0 0 3 1 1 1 0 4/6 15:49 0:06 0:09
Martin Pospisil 1 0 1 0 2 8 3 0 3 1 0/0 16:38 0:06 0:00
Philip Tomasino 1 2 3 1 0 7 0 1 3 0 2/3 22:12 1:41 1:22
Spencer Stastney 0 0 0 0 0 0 1 0 0 0 0/0 13:07 0:00 0:00
TJ Brodie 0 0 0 0 0 1 0 2 2 0 0/0 26:38 1:27 1:07
Travis Dermott 1 0 1 0 0 3 1 1 0 2 0/0 20:15 1:57 1:44
Viktor Neuchev 0 1 1 0 0 0 0 0 0 0 0/1 15:31 0:00 0:00
Players Stats for Quebec Remparts
Player Name G A P +/- PIM S H SB GA TA FO MP PP MP PK MP
------------------------------------------------------------------------------------
0 0 0 0 0 0 0 0 0 0 0/0 0:00 0:00 0:00
Adam Edstrom 0 0 0 0 0 2 2 0 1 1 0/0 14:25 0:00 0:08
Avery Hayes 0 0 0 0 0 0 0 0 0 0 1/1 8:50 0:00 0:00
Brandt Clarke 0 0 0 0 4 2 1 1 1 1 0/0 24:31 1:57 1:03
David Jiricek 0 1 1 -1 2 0 0 2 0 1 0/0 19:11 0:54 0:50
Ethan Del Mastro 0 1 1 1 0 0 0 3 0 0 0/0 18:48 0:38 1:10
Hendrix Lapierre 1 1 2 -2 0 6 3 0 1 3 11/19 18:24 1:17 1:29
Ivan Ivan 0 0 0 0 0 0 1 0 1 1 7/12 14:17 0:00 0:00
Jakub Demek 0 0 0 0 0 0 0 0 0 2 0/0 8:50 0:00 0:00
Jared Davidson 0 0 0 0 0 3 1 0 0 0 2/2 9:15 0:00 0:25
Jordan Spence 0 0 0 0 0 0 2 0 0 1 0/0 18:04 0:54 1:46
Joshua Roy 0 3 3 2 0 3 0 1 1 0 0/1 18:20 1:34 1:46
Kevin Rooney 2 0 2 1 0 2 2 0 0 0 3/8 14:40 0:56 0:00
Nick Robertson 1 1 2 2 0 4 2 2 0 0 0/1 16:28 1:55 0:00
Paul Cotter 0 0 0 -2 0 2 2 0 1 1 0/3 18:03 0:56 1:46
Rasmus Kupari 0 0 0 0 0 2 3 0 0 1 0/0 14:17 0:00 0:00
Ryan Shea 0 0 0 0 0 2 1 0 0 0 0/0 16:42 0:00 0:21
Simon Nemec 0 1 1 1 0 1 0 2 0 1 0/0 23:58 1:57 1:38
Thomas Bordeleau 1 0 1 -2 2 3 1 1 1 0 0/2 18:08 1:17 1:14
3 Stars
1 - Jesper Boqvist (OSB)
2 - Kevin Rooney (QUE)
3 - Philip Tomasino (OSB)
Power Play
Orlando Solar Bears - 2 on 4 Attempt(s) - 50.00%
Quebec Remparts - 1 on 3 Attempt(s) - 33.33%
Penalty Kill
Orlando Solar Bears - 2 on 3 Attempt(s) - 66.67%
- Score 0 goal in Penalty Kill
Quebec Remparts - 2 on 4 Attempt(s) - 50.00%
- Score 0 goal in Penalty Kill
Team Stat
Orlando Solar Bears - Hits : 13 - Faceoff Wins : 25 - Blocked Shots : 10 - Penalty Minutes : 6
Quebec Remparts - Hits : 21 - Faceoff Wins : 24 - Blocked Shots : 12 - Penalty Minutes : 8
Official
Referees : Garrett Rank and Eric Furlatt
Linesman : Brad Kovachik and Ryan Daisy
Game Notes
11:45 of 1st period - Quebec Remparts goal is going for a video replay. After video review, Goal.
Orlando Solar Bears
5 vs 5 Forward
Center Left Wing Right Wing Time % Phy DF OF
1 Jesper Boqvist Adam Beckman Philip Tomasino 30 1 2 2
2 Justin Danforth Carter Mazur Justin Brazeau 30 1 2 2
3 Marat Khusnutdinov Viktor Neuchev Martin Pospisil 25 1 2 2
4 Justin Sourdif Philip Tomasino Jesper Boqvist 15 1 2 2
5 vs 5 Defense
Defense Defense Time % Phy DF OF
1 TJ Brodie Jarred Tinordi 30 1 2 2
2 Travis Dermott Henry Thrun 30 1 2 2
3 Isaak Phillips Spencer Stastney 25 1 2 2
4 Lukas Cormier TJ Brodie 15 1 2 2
PowerPlay Forward
Center Left Wing Right Wing Time % Phy DF OF
1 Jesper Boqvist Adam Beckman Philip Tomasino 50 1 2 2
2 Justin Danforth Carter Mazur Justin Brazeau 50 1 2 2
PowerPlay Defense
Defense Defense Time % Phy DF OF
1 TJ Brodie Jarred Tinordi 50 1 2 2
2 Travis Dermott Henry Thrun 50 1 2 2
Penalty Kill 4 Players Forward
Center Wing Time % Phy DF OF
1 Philip Tomasino Jesper Boqvist 50 1 2 2
2 Justin Danforth Justin Brazeau 50 1 2 2
Penalty Kill 4 Players Defense
Defense Defense Time % Phy DF OF
1 TJ Brodie Jarred Tinordi 50 1 2 2
2 Travis Dermott Henry Thrun 50 1 2 2
Penalty Kill - 3 Players Forward
Forward Time % Phy DF OF
1 Philip Tomasino 50 1 2 2
2 Jesper Boqvist 50 1 2 2
Penalty Kill - 3 Players Defense
Defense Defense Time % Phy DF OF
1 TJ Brodie Jarred Tinordi 50 1 2 2
2 Travis Dermott Henry Thrun 50 1 2 2
4 vs 4 Forward
Center Wing Time % Phy DF OF
1 Philip Tomasino Jesper Boqvist 50 1 2 2
2 Justin Danforth Justin Brazeau 50 1 2 2
4 vs 4 Defense
Defense Defense Time % Phy DF OF
1 TJ Brodie Jarred Tinordi 50 1 2 2
2 Travis Dermott Henry Thrun 50 1 2 2
Last Minutes Offensive
Center Left Wing Right Wing Defense Defense
Jesper Boqvist Adam Beckman Philip Tomasino TJ Brodie Jarred Tinordi
Last Minutes Defensive
Center Left Wing Right Wing Defense Defense
Jesper Boqvist Adam Beckman Philip Tomasino TJ Brodie Jarred Tinordi
Goaltenders
Starting : Erik Portillo
Backup : Daniel Vladar
Extra Forwards
Normal : Alex Turcotte, Martin Pospisil, Marat Khusnutdinov - PP : Alex Turcotte, Martin Pospisil - PK : Marat Khusnutdinov
Extra Defensemen
Normal : Isaak Phillips, Spencer Stastney, Lukas Cormier - PP : Isaak Phillips - PK : Spencer Stastney, Lukas Cormier
Penalty Shots
Philip Tomasino, Jesper Boqvist, Justin Danforth, Justin Brazeau, Martin Pospisil
Scratches
Elliot Desnoyers (Healthy), Amadeus Lombardi (Healthy), Alexis Gendron (Healthy), Topi Niemela (Healthy), Vadim Zherenko (Healthy)
Quebec Remparts
5 vs 5 Forward
Center Left Wing Right Wing Time % Phy DF OF
1 Hendrix Lapierre Thomas Bordeleau Paul Cotter 30 1 2 2
2 Kevin Rooney Joshua Roy Nick Robertson 30 1 2 2
3 Ivan Ivan Adam Edstrom Rasmus Kupari 25 1 2 2
4 Jared Davidson Avery Hayes Jakub Demek 15 1 2 2
5 vs 5 Defense
Defense Defense Time % Phy DF OF
1 Simon Nemec Jordan Spence 30 1 2 2
2 David Jiricek Brandt Clarke 30 1 2 2
3 Ryan Shea Ethan Del Mastro 25 1 2 2
4 Simon Nemec Brandt Clarke 15 1 2 2
PowerPlay Forward
Center Left Wing Right Wing Time % Phy DF OF
1 Hendrix Lapierre Thomas Bordeleau Nick Robertson 50 1 2 2
2 Kevin Rooney Joshua Roy Paul Cotter 50 1 2 2
PowerPlay Defense
Defense Defense Time % Phy DF OF
1 Brandt Clarke Simon Nemec 50 1 2 2
2 David Jiricek Jordan Spence 50 1 2 2
Penalty Kill 4 Players Forward
Center Wing Time % Phy DF OF
1 Hendrix Lapierre Thomas Bordeleau 50 1 2 2
2 Paul Cotter Joshua Roy 50 1 2 2
Penalty Kill 4 Players Defense
Defense Defense Time % Phy DF OF
1 Brandt Clarke Simon Nemec 50 1 2 2
2 David Jiricek Jordan Spence 50 1 2 2
Penalty Kill - 3 Players Forward
Forward Time % Phy DF OF
1 Hendrix Lapierre 50 1 2 2
2 Thomas Bordeleau 50 1 2 2
Penalty Kill - 3 Players Defense
Defense Defense Time % Phy DF OF
1 Brandt Clarke Simon Nemec 50 1 2 2
2 David Jiricek Jordan Spence 50 1 2 2
4 vs 4 Forward
Center Wing Time % Phy DF OF
1 Hendrix Lapierre Thomas Bordeleau 50 1 2 2
2 Joshua Roy Nick Robertson 50 1 2 2
4 vs 4 Defense
Defense Defense Time % Phy DF OF
1 Simon Nemec Brandt Clarke 50 1 2 2
2 David Jiricek Jordan Spence 50 1 2 2
Last Minutes Offensive
Center Left Wing Right Wing Defense Defense
Hendrix Lapierre Thomas Bordeleau Joshua Roy Brandt Clarke Simon Nemec
Last Minutes Defensive
Center Left Wing Right Wing Defense Defense
Kevin Rooney Paul Cotter Nick Robertson Brandt Clarke Simon Nemec
Goaltenders
Starting : Lukas Dostal
Backup : Devon Levi
Extra Forwards
Normal : Ivan Ivan, Adam Edstrom, Rasmus Kupari - PP : Rasmus Kupari, Ivan Ivan - PK : Jared Davidson
Extra Defensemen
Normal : Ethan Del Mastro, Ryan Shea, Simon Nemec - PP : Ethan Del Mastro - PK : Ethan Del Mastro, Ryan Shea
Penalty Shots
Hendrix Lapierre, Thomas Bordeleau, Joshua Roy, Nick Robertson, Kevin Rooney
Scratches
Maximus Wanner (Healthy), Ethan Samson (Healthy), Carson Golder (Healthy), Gavin White (Healthy), Jamieson Rees (Healthy)
% Time on Ice - Orlando Solar Bears
Lines # - Real PCT - Wanted PCT - Time Play
Normal Forward
1 - 26% - 30% - 13:41
2 - 30% - 30% - 15:45
3 - 30% - 25% - 15:31
4 - 13% - 15% - 6:42
Normal Defense
1 - 30% - 30% - 15:35
2 - 31% - 30% - 15:55
3 - 25% - 25% - 13:07
4 - 14% - 15% - 7:02
PP Forward
1 - 50% - 50% - 1:41
2 - 50% - 50% - 1:43
PP Defense
1 - 43% - 50% - 1:27
2 - 57% - 50% - 1:57
PK Forward
1 - 48% - 50% - 1:22
2 - 52% - 50% - 1:29
PK Defense
1 - 39% - 50% - 1:07
2 - 61% - 50% - 1:44
PK3 Forward
1 - 0% - 50%
2 - 0% - 50%
PK3 Defense
1 - 0% - 50%
2 - 0% - 50%
44 Forward
1 - 52% - 50% - 0:42
2 - 48% - 50% - 0:39
44 Defense
1 - 52% - 50% - 0:42
2 - 48% - 50% - 0:39
Last Minute Offensive - 0:00
Last Minute Defensive - 0:45
Total
Forward - 60:00
Defense - 60:00
|
% Time on Ice - Quebec Remparts
Lines # - Real PCT - Wanted PCT - Time Play
Normal Forward
1 - 29% - 30% - 14:54
2 - 28% - 30% - 14:23
3 - 26% - 25% - 13:29
4 - 17% - 15% - 8:50
Normal Defense
1 - 29% - 30% - 14:57
2 - 29% - 30% - 14:49
3 - 32% - 25% - 16:21
4 - 11% - 15% - 5:29
PP Forward
1 - 45% - 50% - 1:17
2 - 55% - 50% - 1:34
PP Defense
1 - 68% - 50% - 1:57
2 - 32% - 50% - 0:54
PK Forward
1 - 48% - 50% - 1:38
2 - 52% - 50% - 1:46
PK Defense
1 - 48% - 50% - 1:38
2 - 52% - 50% - 1:46
PK3 Forward
1 - 0% - 50%
2 - 0% - 50%
PK3 Defense
1 - 0% - 50%
2 - 0% - 50%
44 Forward
1 - 54% - 50% - 0:44
2 - 46% - 50% - 0:37
44 Defense
1 - 33% - 50% - 0:27
2 - 67% - 50% - 0:54
Last Minute Offensive - 0:48
Last Minute Defensive - 0:00
Total
Forward - 60:00
Defense - 60:00
|
Play-by-Play
1st period
0:01 of 1st period - Jesper Boqvist wins face-off versus Paul Cotter in neutral zone.
0:27 of 1st period - Nick Robertson is hit by Jarred Tinordi and loses puck.
1:49 of 1st period - Slapshot by Martin Pospisil.
1:49 of 1st period - Stopped by Lukas Dostal with a rebound.
2:23 of 1st period - Icing by Ryan Shea.
2:24 of 1st period - Jared Davidson wins face-off versus Justin Danforth in Quebec Remparts zone.
2:35 of 1st period - Backhand shot by Justin Danforth.
2:35 of 1st period - Stopped by Lukas Dostal with a rebound.
2:37 of 1st period - Wrist shot by Justin Danforth.
2:37 of 1st period - Deflect By Justin Brazeau.
2:37 of 1st period - Stopped by Lukas Dostal without a rebound.
2:38 of 1st period - Marat Khusnutdinov wins face-off versus Kevin Rooney in Quebec Remparts zone.
3:09 of 1st period - Wrist shot by Justin Danforth.
3:09 of 1st period - Shot Misses the Net.
3:11 of 1st period - Slapshot by Travis Dermott.
3:11 of 1st period - Stopped by Lukas Dostal with a rebound.
3:13 of 1st period - Slapshot by Henry Thrun.
3:13 of 1st period - Deflect By Simon Nemec.
3:13 of 1st period - Stopped by Lukas Dostal without a rebound.
3:14 of 1st period - Ivan Ivan wins face-off versus Justin Sourdif in Quebec Remparts zone.
3:31 of 1st period - Jarred Tinordi is hit by Rasmus Kupari and loses puck.
4:06 of 1st period - Snap shot by Joshua Roy.
4:06 of 1st period - Stopped by Erik Portillo with a rebound.
4:27 of 1st period - Ryan Shea is hit by Spencer Stastney.
4:55 of 1st period - Henry Thrun is hit by Paul Cotter and loses puck.
5:29 of 1st period - Justin Danforth is hit by Nick Robertson.
5:39 of 1st period - Wrist shot by Martin Pospisil.
5:39 of 1st period - Shot Misses the Net.
5:49 of 1st period - Slapshot by Rasmus Kupari.
5:49 of 1st period - Stopped by Erik Portillo with a rebound.
6:19 of 1st period - Travis Dermott is hit by Jared Davidson.
6:23 of 1st period - Jakub Demek is hit by Adam Beckman and loses puck.
6:53 of 1st period - Snap shot by Martin Pospisil.
6:53 of 1st period - Shot Misses the Net.
6:55 of 1st period - Snap shot by Marat Khusnutdinov.
6:55 of 1st period - Shot Blocked by Nick Robertson.
7:05 of 1st period - Martin Pospisil is hit by Kevin Rooney and loses puck.
7:22 of 1st period - Henry Thrun is hit by Hendrix Lapierre.
7:38 of 1st period - Minor Penalty to Brandt Clarke for Slashing.
7:39 of 1st period - Justin Brazeau wins face-off versus Hendrix Lapierre in Quebec Remparts zone.
8:16 of 1st period - Minor Penalty to Jarred Tinordi for Interference.
8:17 of 1st period - Hendrix Lapierre wins face-off versus Jesper Boqvist in Orlando Solar Bears zone.
8:18 of 1st period - Wrist shot by Thomas Bordeleau.
8:18 of 1st period - Stopped by Erik Portillo without a rebound.
8:19 of 1st period - Philip Tomasino wins face-off versus Hendrix Lapierre in Orlando Solar Bears zone.
8:30 of 1st period - Snap shot by Jesper Boqvist.
8:30 of 1st period - Stopped by Lukas Dostal with a rebound.
8:32 of 1st period - Slapshot by Henry Thrun.
8:32 of 1st period - Shot Blocked by Thomas Bordeleau.
9:38 of 1st period - Penalty to Brandt Clarke is over, Brandt Clarke is back on ice.
9:53 of 1st period - Joshua Roy is hit by Travis Dermott.
10:16 of 1st period - Penalty to Jarred Tinordi is over, Jarred Tinordi is back on ice.
10:17 of 1st period - Snap shot by Brandt Clarke.
10:17 of 1st period - Shot Misses the Net.
10:27 of 1st period - Wrist shot by Joshua Roy.
10:27 of 1st period - Deflect By Nick Robertson.
10:27 of 1st period - Goal by Nick Robertson - Orlando Solar Bears : 0 - Quebec Remparts : 1.
10:28 of 1st period - Hendrix Lapierre wins face-off versus Viktor Neuchev in neutral zone.
10:43 of 1st period - Snap shot by Martin Pospisil.
10:43 of 1st period - Goal by Martin Pospisil - Orlando Solar Bears : 1 - Quebec Remparts : 1.
10:44 of 1st period - Jesper Boqvist wins face-off versus Ivan Ivan in neutral zone.
10:48 of 1st period - Icing by Simon Nemec.
10:49 of 1st period - Ivan Ivan wins face-off versus Jesper Boqvist in Quebec Remparts zone.
10:49 of 1st period - Ivan Ivan is hit by Adam Beckman.
11:35 of 1st period - Snap shot by Justin Brazeau.
11:35 of 1st period - Shot Blocked by Nick Robertson.
11:41 of 1st period - Snap shot by Joshua Roy.
11:41 of 1st period - Shot Blocked by Jarred Tinordi.
11:43 of 1st period - Slapshot by David Jiricek.
11:43 of 1st period - Shot Misses the Net.
11:45 of 1st period - Wrist shot by Kevin Rooney.
11:45 of 1st period - Quebec Remparts goal is going for a video replay.
11:45 of 1st period - The goal is good.
11:45 of 1st period - Goal by Kevin Rooney - Orlando Solar Bears : 1 - Quebec Remparts : 2.
11:46 of 1st period - Ivan Ivan wins face-off versus Jesper Boqvist in neutral zone.
11:51 of 1st period - Wrist shot by Adam Edstrom.
11:51 of 1st period - Stopped by Erik Portillo with a rebound.
12:34 of 1st period - Nick Robertson is hit by Marat Khusnutdinov and loses puck.
12:41 of 1st period - Wrist shot by Martin Pospisil.
12:41 of 1st period - Stopped by Lukas Dostal with a rebound.
13:02 of 1st period - Slapshot by Philip Tomasino.
13:02 of 1st period - Stopped by Lukas Dostal with a rebound.
13:42 of 1st period - Paul Cotter is hit by Isaak Phillips and loses puck.
14:03 of 1st period - Wrist shot by Jared Davidson.
14:03 of 1st period - Stopped by Erik Portillo with a rebound.
14:07 of 1st period - Slapshot by Jared Davidson.
14:07 of 1st period - Shot Misses the Net.
14:09 of 1st period - Slapshot by Ryan Shea.
14:09 of 1st period - Stopped by Erik Portillo without a rebound.
14:10 of 1st period - Avery Hayes wins face-off versus Adam Beckman in Orlando Solar Bears zone.
14:58 of 1st period - Snap shot by Marat Khusnutdinov.
14:58 of 1st period - Stopped by Lukas Dostal without a rebound.
14:59 of 1st period - Philip Tomasino wins face-off versus Kevin Rooney in Quebec Remparts zone.
15:10 of 1st period - Wrist shot by Kevin Rooney.
15:10 of 1st period - Goal by Kevin Rooney - Orlando Solar Bears : 1 - Quebec Remparts : 3.
15:11 of 1st period - Ivan Ivan wins face-off versus Jesper Boqvist in neutral zone.
15:16 of 1st period - Slapshot by Brandt Clarke.
15:16 of 1st period - Deflect By Adam Beckman.
15:16 of 1st period - Stopped by Erik Portillo without a rebound.
15:17 of 1st period - Ivan Ivan wins face-off versus Adam Beckman in Orlando Solar Bears zone.
15:18 of 1st period - Wrist shot by Rasmus Kupari.
15:18 of 1st period - Shot Misses the Net.
15:50 of 1st period - Lukas Cormier is hit by Paul Cotter and loses puck.
16:40 of 1st period - Snap shot by Adam Edstrom.
16:40 of 1st period - Stopped by Erik Portillo with a rebound.
16:42 of 1st period - Slapshot by Brandt Clarke.
16:42 of 1st period - Deflect By Adam Edstrom.
16:42 of 1st period - Shot Misses the Net.
16:42 of 1st period - Puck is out of play.
16:43 of 1st period - Marat Khusnutdinov wins face-off versus Ivan Ivan in Orlando Solar Bears zone.
16:43 of 1st period - Marat Khusnutdinov is hit by Adam Edstrom.
17:05 of 1st period - Viktor Neuchev is hit by Adam Edstrom and loses puck.
17:14 of 1st period - Slapshot by Adam Edstrom.
17:14 of 1st period - Shot Blocked by Marat Khusnutdinov.
17:22 of 1st period - Adam Edstrom is hit by Martin Pospisil and loses puck.
17:39 of 1st period - Snap shot by Martin Pospisil.
17:39 of 1st period - Shot Blocked by Ethan Del Mastro.
17:41 of 1st period - Snap shot by Martin Pospisil.
17:41 of 1st period - Shot Misses the Net.
17:55 of 1st period - Wrist shot by Martin Pospisil.
17:55 of 1st period - Stopped by Lukas Dostal with a rebound.
17:57 of 1st period - Slapshot by TJ Brodie.
17:57 of 1st period - Deflect By Martin Pospisil.
17:57 of 1st period - Stopped by Lukas Dostal with a rebound.
17:59 of 1st period - Slapshot by Martin Pospisil.
17:59 of 1st period - Stopped by Lukas Dostal without a rebound.
18:00 of 1st period - Hendrix Lapierre wins face-off versus Jesper Boqvist in Quebec Remparts zone.
18:09 of 1st period - Adam Beckman is hit by Hendrix Lapierre and loses puck.
18:16 of 1st period - Wrist shot by Hendrix Lapierre.
18:16 of 1st period - Shot Misses the Net.
18:26 of 1st period - Nick Robertson is hit by Justin Danforth.
18:48 of 1st period - Slapshot by Brandt Clarke.
18:48 of 1st period - Stopped by Erik Portillo with a rebound.
Goals for this period are 1 for Orlando Solar Bears vs 3 for Quebec Remparts.
Shots for this period are 13 for Orlando Solar Bears vs 12 for Quebec Remparts.
2nd period
0:01 of 2nd period - Jesper Boqvist wins face-off versus Kevin Rooney in neutral zone.
1:00 of 2nd period - Wrist shot by Martin Pospisil.
1:00 of 2nd period - Shot Misses the Net.
1:18 of 2nd period - Snap shot by Jesper Boqvist.
1:18 of 2nd period - Shot Misses the Net.
1:20 of 2nd period - Slapshot by Spencer Stastney.
1:20 of 2nd period - Shot Blocked by Simon Nemec.
1:38 of 2nd period - Slapshot by Brandt Clarke.
1:38 of 2nd period - Shot Blocked by Henry Thrun.
2:36 of 2nd period - Wrist shot by Kevin Rooney.
2:36 of 2nd period - Shot Blocked by Philip Tomasino.
2:38 of 2nd period - Slapshot by Ethan Del Mastro.
2:38 of 2nd period - Shot Blocked by Isaak Phillips.
3:06 of 2nd period - Adam Edstrom is hit by Isaak Phillips and loses puck.
4:30 of 2nd period - TJ Brodie is hit by Ryan Shea and loses puck.
5:15 of 2nd period - Minor Penalty to Justin Sourdif for Slashing.
5:16 of 2nd period - Justin Danforth wins face-off versus Nick Robertson in Orlando Solar Bears zone.
5:27 of 2nd period - Snap shot by Thomas Bordeleau.
5:27 of 2nd period - Shot Blocked by Henry Thrun.
5:29 of 2nd period - Snap shot by Simon Nemec.
5:29 of 2nd period - Deflect By Thomas Bordeleau.
5:29 of 2nd period - Goal by Thomas Bordeleau - Orlando Solar Bears : 1 - Quebec Remparts : 4.
5:30 of 2nd period - Jesper Boqvist wins face-off versus Hendrix Lapierre in neutral zone.
5:43 of 2nd period - Snap shot by Paul Cotter.
5:43 of 2nd period - Shot Misses the Net.
5:45 of 2nd period - Slapshot by Brandt Clarke.
5:45 of 2nd period - Deflect By Hendrix Lapierre.
5:45 of 2nd period - Stopped by Erik Portillo with a rebound.
6:06 of 2nd period - Snap shot by Jesper Boqvist.
6:06 of 2nd period - Stopped by Lukas Dostal with a rebound.
6:08 of 2nd period - Snap shot by Jesper Boqvist.
6:08 of 2nd period - Stopped by Lukas Dostal with a rebound.
6:10 of 2nd period - Wrist shot by Adam Beckman.
6:10 of 2nd period - Shot Misses the Net.
6:12 of 2nd period - Wrist shot by Adam Beckman.
6:12 of 2nd period - Deflect By Adam Edstrom.
6:12 of 2nd period - Stopped by Lukas Dostal with a rebound.
6:22 of 2nd period - Snap shot by Adam Beckman.
6:22 of 2nd period - Shot Misses the Net.
6:24 of 2nd period - Snap shot by Jesper Boqvist.
6:24 of 2nd period - Stopped by Lukas Dostal without a rebound.
6:25 of 2nd period - Justin Danforth wins face-off versus Kevin Rooney in Quebec Remparts zone.
7:13 of 2nd period - Justin Danforth is hit by Hendrix Lapierre and loses puck.
8:54 of 2nd period - Justin Danforth is hit by Jordan Spence and loses puck.
9:19 of 2nd period - Snap shot by Paul Cotter.
9:19 of 2nd period - Shot Misses the Net.
10:08 of 2nd period - Snap shot by Joshua Roy.
10:08 of 2nd period - Deflect By Nick Robertson.
10:08 of 2nd period - Stopped by Erik Portillo with a rebound.
10:26 of 2nd period - Snap shot by Paul Cotter.
10:26 of 2nd period - Stopped by Erik Portillo without a rebound.
10:27 of 2nd period - Ivan Ivan wins face-off versus Justin Sourdif in Orlando Solar Bears zone.
10:30 of 2nd period - Slapshot by Rasmus Kupari.
10:30 of 2nd period - Shot Misses the Net.
10:41 of 2nd period - Slapshot by Rasmus Kupari.
10:41 of 2nd period - Shot Misses the Net.
11:31 of 2nd period - Off-side.
11:32 of 2nd period - Justin Danforth wins face-off versus Hendrix Lapierre in neutral zone.
11:36 of 2nd period - Minor Penalty to Thomas Bordeleau for Cross-checking.
11:37 of 2nd period - Jesper Boqvist wins face-off versus Paul Cotter in Quebec Remparts zone.
12:06 of 2nd period - Wrist shot by Justin Danforth.
12:06 of 2nd period - Stopped by Lukas Dostal with a rebound.
12:08 of 2nd period - Wrist shot by Justin Danforth.
12:08 of 2nd period - Shot Blocked by David Jiricek.
12:10 of 2nd period - Snap shot by Justin Danforth.
12:10 of 2nd period - Shot Misses the Net.
12:12 of 2nd period - Slapshot by Travis Dermott.
12:12 of 2nd period - Goal by Travis Dermott - Orlando Solar Bears : 2 - Quebec Remparts : 4.
12:13 of 2nd period - Hendrix Lapierre wins face-off versus Jesper Boqvist in neutral zone.
13:06 of 2nd period - Viktor Neuchev is hit by Jordan Spence and loses puck.
13:37 of 2nd period - Backhand shot by Philip Tomasino.
13:37 of 2nd period - Stopped by Lukas Dostal with a rebound.
13:47 of 2nd period - Wrist shot by Nick Robertson.
13:47 of 2nd period - Stopped by Erik Portillo with a rebound.
13:59 of 2nd period - Wrist shot by Nick Robertson.
13:59 of 2nd period - Stopped by Erik Portillo without a rebound.
14:00 of 2nd period - Hendrix Lapierre wins face-off versus Justin Danforth in Orlando Solar Bears zone.
14:01 of 2nd period - Wrist shot by Thomas Bordeleau.
14:01 of 2nd period - Deflect By Hendrix Lapierre.
14:01 of 2nd period - Shot Blocked by Travis Dermott.
14:01 of 2nd period - Puck is out of play.
14:02 of 2nd period - Justin Danforth wins face-off versus Hendrix Lapierre in Orlando Solar Bears zone.
14:09 of 2nd period - Wrist shot by Brandt Clarke.
14:09 of 2nd period - Shot Misses the Net.
14:15 of 2nd period - Slapshot by Travis Dermott.
14:15 of 2nd period - Deflect By Hendrix Lapierre.
14:15 of 2nd period - Stopped by Lukas Dostal with a rebound.
14:34 of 2nd period - Snap shot by Thomas Bordeleau.
14:34 of 2nd period - Shot Misses the Net.
14:50 of 2nd period - Slapshot by Justin Brazeau.
14:50 of 2nd period - Stopped by Lukas Dostal without a rebound.
14:51 of 2nd period - Jesper Boqvist wins face-off versus Joshua Roy in Quebec Remparts zone.
15:22 of 2nd period - Snap shot by Martin Pospisil.
15:22 of 2nd period - Stopped by Lukas Dostal with a rebound.
18:02 of 2nd period - Off-side.
18:03 of 2nd period - Justin Sourdif wins face-off versus Ivan Ivan in neutral zone.
18:05 of 2nd period - Off-side.
18:06 of 2nd period - Justin Sourdif wins face-off versus Ivan Ivan in neutral zone.
18:09 of 2nd period - Snap shot by Philip Tomasino.
18:09 of 2nd period - Shot Misses the Net.
18:46 of 2nd period - Wrist shot by Hendrix Lapierre.
18:46 of 2nd period - Stopped by Erik Portillo without a rebound.
18:47 of 2nd period - Marat Khusnutdinov wins face-off versus Hendrix Lapierre in Orlando Solar Bears zone.
19:12 of 2nd period - Viktor Neuchev is hit by Ivan Ivan and loses puck.
19:27 of 2nd period - Snap shot by Marat Khusnutdinov.
19:27 of 2nd period - Stopped by Lukas Dostal with a rebound.
19:29 of 2nd period - Snap shot by Henry Thrun.
19:29 of 2nd period - Stopped by Lukas Dostal with a rebound.
19:31 of 2nd period - Slapshot by Marat Khusnutdinov.
19:31 of 2nd period - Stopped by Lukas Dostal with a rebound.
19:33 of 2nd period - Slapshot by Travis Dermott.
19:33 of 2nd period - Deflect By Martin Pospisil.
19:33 of 2nd period - Shot Blocked by Ethan Del Mastro.
19:33 of 2nd period - Puck is out of play.
19:34 of 2nd period - Kevin Rooney wins face-off versus Jesper Boqvist in Quebec Remparts zone.
19:43 of 2nd period - Snap shot by Jesper Boqvist.
19:43 of 2nd period - Goal by Jesper Boqvist - Orlando Solar Bears : 3 - Quebec Remparts : 4.
19:44 of 2nd period - Kevin Rooney wins face-off versus Jesper Boqvist in neutral zone.
Goals for this period are 2 for Orlando Solar Bears vs 1 for Quebec Remparts.
Shots for this period are 14 for Orlando Solar Bears vs 7 for Quebec Remparts.
3rd period
0:01 of 3rd period - Hendrix Lapierre wins face-off versus Adam Beckman in neutral zone.
0:26 of 3rd period - Wrist shot by Marat Khusnutdinov.
0:26 of 3rd period - Shot Blocked by Brandt Clarke.
0:50 of 3rd period - Snap shot by Justin Danforth.
0:50 of 3rd period - Deflect By Justin Brazeau.
0:50 of 3rd period - Deflect By Nick Robertson.
0:50 of 3rd period - Stopped by Lukas Dostal with a rebound.
1:36 of 3rd period - Snap shot by Jared Davidson.
1:36 of 3rd period - Stopped by Erik Portillo with a rebound.
1:38 of 3rd period - Snap shot by Jared Davidson.
1:38 of 3rd period - Stopped by Erik Portillo without a rebound.
1:39 of 3rd period - Kevin Rooney wins face-off versus Jesper Boqvist in Orlando Solar Bears zone.
1:40 of 3rd period - Slapshot by Joshua Roy.
1:40 of 3rd period - Stopped by Erik Portillo without a rebound.
1:41 of 3rd period - Jesper Boqvist wins face-off versus Kevin Rooney in Orlando Solar Bears zone.
1:46 of 3rd period - Snap shot by Philip Tomasino.
1:46 of 3rd period - Shot Blocked by Ethan Del Mastro.
2:11 of 3rd period - Snap shot by Hendrix Lapierre.
2:11 of 3rd period - Stopped by Erik Portillo with a rebound.
2:13 of 3rd period - Slapshot by Hendrix Lapierre.
2:13 of 3rd period - Stopped by Erik Portillo with a rebound.
2:15 of 3rd period - Snap shot by Hendrix Lapierre.
2:15 of 3rd period - Goal by Hendrix Lapierre - Orlando Solar Bears : 3 - Quebec Remparts : 5.
2:16 of 3rd period - Jesper Boqvist wins face-off versus Hendrix Lapierre in neutral zone.
3:05 of 3rd period - Minor Penalty to David Jiricek for Hooking.
3:06 of 3rd period - Hendrix Lapierre wins face-off versus Justin Danforth in Quebec Remparts zone.
3:20 of 3rd period - Wrist shot by Paul Cotter.
3:20 of 3rd period - Stopped by Erik Portillo with a rebound.
3:34 of 3rd period - Snap shot by Philip Tomasino.
3:34 of 3rd period - Stopped by Lukas Dostal with a rebound.
5:05 of 3rd period - Penalty to David Jiricek is over, David Jiricek is back on ice.
5:14 of 3rd period - Slapshot by Joshua Roy.
5:14 of 3rd period - Stopped by Erik Portillo with a rebound.
5:38 of 3rd period - Off-side.
5:39 of 3rd period - Marat Khusnutdinov wins face-off versus Ivan Ivan in neutral zone.
6:50 of 3rd period - Philip Tomasino is hit by Brandt Clarke and loses puck.
7:36 of 3rd period - Viktor Neuchev is hit by Kevin Rooney and loses puck.
9:36 of 3rd period - Adam Edstrom is hit by Martin Pospisil and loses puck.
9:47 of 3rd period - TJ Brodie is hit by Rasmus Kupari and loses puck.
10:00 of 3rd period - Philip Tomasino is hit by Nick Robertson and loses puck.
10:43 of 3rd period - Travis Dermott is hit by Thomas Bordeleau and loses puck.
11:00 of 3rd period - Slapshot by Joshua Roy.
11:00 of 3rd period - Shot Misses the Net.
11:17 of 3rd period - Slapshot by TJ Brodie.
11:17 of 3rd period - Stopped by Lukas Dostal with a rebound.
12:05 of 3rd period - Slapshot by Carter Mazur.
12:05 of 3rd period - Shot Misses the Net.
12:07 of 3rd period - Slapshot by Spencer Stastney.
12:07 of 3rd period - Shot Blocked by Simon Nemec.
12:09 of 3rd period - Slapshot by Isaak Phillips.
12:09 of 3rd period - Deflect By Jordan Spence.
12:09 of 3rd period - Stopped by Lukas Dostal without a rebound.
12:10 of 3rd period - Justin Danforth wins face-off versus Paul Cotter in Quebec Remparts zone.
12:11 of 3rd period - Wrist shot by Justin Brazeau.
12:11 of 3rd period - Goal by Justin Brazeau - Orlando Solar Bears : 4 - Quebec Remparts : 5.
12:12 of 3rd period - Jesper Boqvist wins face-off versus Thomas Bordeleau in neutral zone.
12:19 of 3rd period - Wrist shot by Philip Tomasino.
12:19 of 3rd period - Goal by Philip Tomasino - Orlando Solar Bears : 5 - Quebec Remparts : 5.
12:20 of 3rd period - Hendrix Lapierre wins face-off versus Jesper Boqvist in neutral zone.
12:32 of 3rd period - Minor Penalty to Brandt Clarke for Slashing.
12:33 of 3rd period - Hendrix Lapierre wins face-off versus Jesper Boqvist in Quebec Remparts zone.
12:41 of 3rd period - Snap shot by Jesper Boqvist.
12:41 of 3rd period - Shot Blocked by Joshua Roy.
12:43 of 3rd period - Snap shot by Jarred Tinordi.
12:43 of 3rd period - Deflect By Jesper Boqvist.
12:43 of 3rd period - Goal by Jesper Boqvist - Orlando Solar Bears : 6 - Quebec Remparts : 5.
12:44 of 3rd period - Jesper Boqvist wins face-off versus Hendrix Lapierre in neutral zone.
13:10 of 3rd period - Jesper Boqvist is hit by Rasmus Kupari and loses puck.
13:19 of 3rd period - Slapshot by Jordan Spence.
13:19 of 3rd period - Shot Blocked by Henry Thrun.
13:45 of 3rd period - Snap shot by Justin Brazeau.
13:45 of 3rd period - Deflect By Justin Danforth.
13:45 of 3rd period - Stopped by Lukas Dostal with a rebound.
14:59 of 3rd period - Snap shot by Simon Nemec.
14:59 of 3rd period - Deflect By Viktor Neuchev.
14:59 of 3rd period - Stopped by Erik Portillo with a rebound.
15:01 of 3rd period - Wrist shot by Simon Nemec.
15:01 of 3rd period - Shot Blocked by TJ Brodie.
15:03 of 3rd period - Snap shot by Rasmus Kupari.
15:03 of 3rd period - Deflect By Adam Edstrom.
15:03 of 3rd period - Shot Misses the Net.
15:03 of 3rd period - Puck is out of play.
15:04 of 3rd period - Ivan Ivan wins face-off versus Marat Khusnutdinov in Orlando Solar Bears zone.
15:27 of 3rd period - Wrist shot by Thomas Bordeleau.
15:27 of 3rd period - Deflect By Hendrix Lapierre.
15:27 of 3rd period - Stopped by Erik Portillo with a rebound.
15:37 of 3rd period - Wrist shot by Ivan Ivan.
15:37 of 3rd period - Shot Misses the Net.
15:39 of 3rd period - Slapshot by Ryan Shea.
15:39 of 3rd period - Stopped by Erik Portillo with a rebound.
15:41 of 3rd period - Snap shot by Rasmus Kupari.
15:41 of 3rd period - Shot Misses the Net.
15:43 of 3rd period - Wrist shot by Adam Edstrom.
15:43 of 3rd period - Shot Misses the Net.
15:45 of 3rd period - Backhand shot by Ethan Del Mastro.
15:45 of 3rd period - Shot Blocked by TJ Brodie.
15:47 of 3rd period - Wrist shot by Rasmus Kupari.
15:47 of 3rd period - Stopped by Erik Portillo without a rebound.
15:48 of 3rd period - Hendrix Lapierre wins face-off versus Jesper Boqvist in Orlando Solar Bears zone.
15:49 of 3rd period - Wrist shot by Thomas Bordeleau.
15:49 of 3rd period - Stopped by Erik Portillo with a rebound.
15:55 of 3rd period - Slapshot by Philip Tomasino.
15:55 of 3rd period - Stopped by Lukas Dostal without a rebound.
15:56 of 3rd period - Jesper Boqvist wins face-off versus Thomas Bordeleau in Quebec Remparts zone.
16:01 of 3rd period - Wrist shot by Philip Tomasino.
16:01 of 3rd period - Stopped by Lukas Dostal with a rebound.
16:03 of 3rd period - Slapshot by Travis Dermott.
16:03 of 3rd period - Shot Blocked by David Jiricek.
16:05 of 3rd period - Wrist shot by Adam Beckman.
16:05 of 3rd period - Shot Misses the Net.
16:07 of 3rd period - Snap shot by Henry Thrun.
16:07 of 3rd period - Deflect By Philip Tomasino.
16:07 of 3rd period - Stopped by Lukas Dostal with a rebound.
16:11 of 3rd period - Snap shot by Philip Tomasino.
16:11 of 3rd period - Shot Misses the Net.
16:49 of 3rd period - Slapshot by Marat Khusnutdinov.
16:49 of 3rd period - Deflect By Martin Pospisil.
16:49 of 3rd period - Stopped by Lukas Dostal without a rebound.
16:50 of 3rd period - Jared Davidson wins face-off versus Marat Khusnutdinov in Quebec Remparts zone.
16:50 of 3rd period - Jared Davidson is hit by Martin Pospisil.
17:12 of 3rd period - Minor Penalty to Martin Pospisil for High sticking.
17:13 of 3rd period - Hendrix Lapierre wins face-off versus Philip Tomasino in Orlando Solar Bears zone.
17:20 of 3rd period - Snap shot by Thomas Bordeleau.
17:20 of 3rd period - Shot Misses the Net.
17:22 of 3rd period - Snap shot by Nick Robertson.
17:22 of 3rd period - Shot Misses the Net.
17:38 of 3rd period - Paul Cotter is hit by Justin Brazeau and loses puck.
19:12 of 3rd period - Penalty to Martin Pospisil is over, Martin Pospisil is back on ice.
19:44 of 3rd period - Quebec Remparts, Lukas Dostal is pulled from the net.
Goals for this period are 3 for Orlando Solar Bears vs 1 for Quebec Remparts.
Shots for this period are 12 for Orlando Solar Bears vs 13 for Quebec Remparts.
Back to the Top